 Dungeon Crawl Stone Soup version 0.29.1-1-gd02db6906a (webtiles) character file.

Game seed: 13223160042651487987

19270 keekatzer the Grappler (level 12, -16/138 HPs)
             Began as a Troll Transmuter on Sept 18, 2022.
             Was an Elder of Elyvilon.
             Demolished by a minotaur
             ... wielding a +4 hand axe of venom
              (35 damage)
             ... in a Gauntlet.
             The game lasted 00:58:34 (7909 turns).

keekatzer the Grappler (Troll Transmuter)           Turns: 7909, Time: 00:58:34

Health: -16/138    AC:  6    Str: 17      XL:     12   Next: 35%
Magic:  18/24      EV: 16    Int: 11 (13) God:    Elyvilon [****..]
Gold:   472        SH:  5    Dex: 14      Spells: 5/17 levels left

rFire   x . .      SeeInvis .     - Unarmed
rCold   + + +      Faith    .   (shield currently unavailable)
rNeg    . . .      Spirit   .   (body armour currently unavailable)
rPois   +          Reflect  +   (helmet currently unavailable)
rElec   .          Harm     .   (cloak currently unavailable)
rCorr   .          Rampage  .   (gloves unavailable)
Will    .....      NoTele   +   (boots unavailable)
Stlth   ..........              t - amulet of reflection
HPRegen 1.13/turn               s - +4 ring of evasion
MPRegen 0.19/turn               O - ring "Quargh" {rPois MP+9 Int+4 Stlth-}

@: ice-form, wereblooded, unable to read
A: freezing attack, amphibious, boosted hp, large, unfitting armour, (claws 3),
regeneration 1, (shaggy fur 1), (tough skin 1), [screaming 2], [weak 2],
[subdued magic 2], [inability to read after injury 2]
a: End Transformation, Renounce Religion, Purification, Heal Other, Heal Self


You were in a Gauntlet.
You worshipped Elyvilon.
Elyvilon was greatly pleased with you.
You were a creature of crystalline ice.
You visited 3 branches of the dungeon, and saw 13 of its levels.
You also visited: Sewer and Gauntlet.

You collected 879 gold pieces.
You spent 407 gold pieces at shops.

Inventory:

Hand Weapons
 R - a +3 vorpal arbalest
Missiles
 J - a throwing net
Armour
 v - a +0 cloak of poison resistance (melded)
 z - a +1 robe of cold resistance
 B - a +1 hat
 G - the +3 crown of Dyrovepreva (melded) {rElec Int+2 SInv}
   (You found it in a Gauntlet)

   Int:       It affects your intelligence (+2).
   rElec:     It insulates you from electricity.
   SInv:      It lets you see invisible.
 M - +0 steam dragon scales (melded)
Magical Staves
 I - a staff of fire
Jewellery
 s - a +4 ring of evasion (left front paw)
 t - an amulet of reflection (around neck)
 x - a ring of ice
 O - the ring "Quargh" (right front paw) {rPois MP+9 Int+4 Stlth-}
   (You bought it in a shop on level 8 of the Dungeon)

   [ring of magical power]

   Int:       It affects your intelligence (+4).
   rPois:     It protects you from poison.
   MP:        It affects your magic capacity (+9).
   Stlth:     It makes you less stealthy.
Wands
 o - a wand of mindburst (34)
 y - a wand of polymorph (20)
 A - a wand of light (11)
 L - a wand of digging (3)
 P - a wand of charming (13)
Scrolls
 a - a scroll of torment
 g - a scroll of butterflies
 h - 4 scrolls of vulnerability
 i - a scroll of enchant weapon
 k - 3 scrolls of blinking {unknown}
 n - 2 scrolls of noise {unknown}
 p - 10 scrolls of teleportation
 q - a scroll of amnesia {unknown}
 r - 3 scrolls of magic mapping {unknown}
 E - a scroll of summoning {unknown}
 H - 2 scrolls of poison {unknown}
 N - 2 scrolls of immolation {unknown}
Potions
 b - 2 potions of lignification
 c - 3 potions of resistance
 d - 2 potions of haste
 e - 5 potions of might
 f - 9 potions of flight
 j - a potion of magic
 l - 3 potions of cancellation
 m - 3 potions of ambrosia
 u - a potion of brilliance
 w - 2 potions of attraction
 C - 7 potions of curing {unknown}
 D - 2 potions of berserk rage {unknown}
 F - 2 potions of mutation
 K - 3 potions of heal wounds
 Q - 2 potions of invisibility {unknown}


   Skills:
 + Level 6.7 Fighting
 + Level 6.5 Dodging
 * Level 10.5 Unarmed Combat
 + Level 3.1 Spellcasting
 - Level 2.0 Translocations
 * Level 9.1 Transmutations
 - Level 5.0 Ice Magic


You had 5 spell levels left.
You knew the following spells:

 Your Spells              Type           Power      Damage    Failure   Level
a - Beastly Appendage     Tmut           26%        N/A       1%          1
b - Wereblood             Tmut           13%        N/A       1%          2
c - Ice Form              Ice/Tmut       10%        N/A       10%         4
d - Frozen Ramparts       Ice            14%        1d3       6%          3
e - Blink                 Tloc           6%         N/A       12%         2

Your spell library contained the following spells:

 Spells                   Type           Power      Damage    Failure   Level
 Sting                    Tmut/Pois      28%        1d4       2%          1
 Spider Form              Tmut/Pois      7%         N/A       8%          3
 Magic Dart               Conj           4%         1d3       19%         1
 Lesser Beckoning         Tloc           3%         N/A       26%         3
 Call Imp                 Summ           1%         N/A       28%         2
 Poisonous Vapours        Pois/Air       2%         N/A       28%         2
 Inner Flame              Hex/Fire       1%         N/A       52%         3
 Mephitic Cloud           Conj/Pois/Air  1%         N/A       52%         3
 Summon Ice Beast         Ice/Summ       4%         N/A       58%         4
 Airstrike                Air            0%         2d(1-17)  91%         4
 Cause Fear               Hex            0%         N/A       91%         4
 Olgreb's Toxic Radiance  Pois           1%         N/A       91%         4
 Manifold Assault         Tloc           3%         N/A       95%         5
 Dragon Form              Tmut           6%         N/A       99%         7
 Discord                  Hex            0%         N/A       100%        8
 Chain Lightning          Conj/Air       0%         2d1       100%        9
 Dragon's Call            Summ           0%         N/A       100%        9


Dungeon Overview and Level Annotations

Branches:
Dungeon (9/15)             Temple (1/1) D:7            Lair (3/5) D:9
  Snake (0/4) Lair:2        Sewer (visited)         Gauntlet (1/1)
  Swamp: Lair:2-3    Shoals: Lair:2-3       Orc: D:9-12

Altars:
Ashenzari
Cheibriados
Dithmenos
Elyvilon
Fedhas
Gozag
Hepliaklqana
Kikubaaqudgha
Makhleb
Nemelex Xobeh
Okawaru
Qazlal
Ru
Sif Muna
Trog
Uskayaw
Vehumet
Wu Jian
Xom
Yredelemnul
The Shining One

Shops:
D:8 =**

Annotations:
Lair:2 3 runed translucent doors, Urug; swoooce's ghost, journeyman MiBe Gauntlet 21 runed translucent doors, 10 transporters


Innate Abilities, Weirdness & Mutations

You are a creature of crystalline ice.
You have a powerful freezing melee attack.
You are amphibious.
Your maximum health is increased.
Your armour is entirely melded.
You are incapable of wielding weapons or throwing items.
You are too large for most types of armour.
((You have claws for hands.))
Your natural rate of healing is unusually fast.
((You are covered in fur. (AC +1)))
((You have tough skin. (AC +1)))
[You frequently scream uncontrollably at your foes.]
[You are very weak. (Str -4)]
[Your spells are easier to cast, but less powerful.]
[You sometimes lose the ability to read scrolls when taking damage.]


Message History

The floor.
The minotaur shoots an arrow.
The arrow hits you but does no damage.
There is an open door here.
Unknown command.
The minotaur unwields a +0 shortbow.
The minotaur wields a +4 hand axe of venom.
It begins to drip with poison!
The minotaur hits you with a +4 hand axe of venom.
The minotaur gores you!
You feel threatened and lose the ability to read scrolls!
You punch the minotaur! You freeze the minotaur.
The minotaur is lightly wounded.
You punch the minotaur!
The minotaur is moderately wounded.
The minotaur hits you with a +4 hand axe of venom!!
The minotaur gores you!
You hit the minotaur. You freeze the minotaur.
The minotaur is moderately wounded.
You block the minotaur's attack. The minotaur gores you.
You hit the minotaur but do no damage.
The minotaur is moderately wounded.
The minotaur closely misses you. You block the minotaur's attack.
You punch the minotaur! You freeze the minotaur.
The minotaur is heavily wounded.
You hit the minotaur.
The minotaur is heavily wounded.
The minotaur hits you with a +4 hand axe of venom!!
* * * LOW HITPOINT WARNING * * *
The minotaur misses you.
You hit the minotaur.
The minotaur is heavily wounded.
The minotaur hits you with a +4 hand axe of venom!!!
* * * LOW HITPOINT WARNING * * *
The minotaur gores you. Elyvilon protects you from harm!
Unknown command.
You cannot read scrolls in your current state!
You are healed.
The minotaur hits you with a +4 hand axe of venom!!
You die...

######## ###
###.##.##.##.##
#.....###.....#
#.##.##∩##.##.#
##.##.##.##.##.##
#......#H#......#
###.##.#Y###.##.#
###.##.#'###.##.#
#...............#
#.##.##.##.##.###
#.##.##.##.##.##
#...............
##.##.##.##.##.#
###.##.##.##.##.###
#≈§.............§≈#


You could see a minotaur.

Vanquished Creatures
  Gastronok (Lair:2)
  Fannar (Lair:1)
  A two-headed ogre (D:8)
  Erica (D:8)
  A wretched star (Gauntlet)
  A spriggan (Lair:2)
  An elephant (D:9)
  A worldbinder (Gauntlet)
  A cane toad (Lair:2)
  2 komodo dragons
  Grinder (D:4)
  3 hornets
  4 blink frogs
  Prince Ribbit (D:7)
  Sigmund (D:4)
  2 basilisks
  23 yaks
  Eustachio (D:4)
  The ghost of TheBeaver the Sneak, an amateur DsDe (D:6)
  2 steam dragons
  A neqoxec (Gauntlet)
  Menkaure (D:5)
  3 swamp worms (Gauntlet)
  Duvessa (D:4)
  8 water moccasins
  An ice beast (D:6)
  A sky beast (D:7)
  3 orc warriors
  3 black bears
  32 wolves
  A boggart (Gauntlet)
  5 ogres
  6 centaurs
  A kobold brigand (D:7)
  3 bullfrogs
  A gnoll sergeant (D:9)
  2 scorpions (D:5)
  10 wights
  Dowan (D:4)
  3 electric eels
  4 howler monkeys
  4 hounds
  3 orc priests (D:9)
  A jelly (D:5)
  2 iguanas
  5 orc wizards
  A merfolk avatar (Sewer)
  A merfolk siren (Sewer)
  9 gnolls
  7 adders
  3 river rats
  A shadow imp (D:6)
  4 white imps
  An ufetubus (D:6)
  3 worms
  11 dart slugs
  9 orcs
  6 endoplasms
  9 giant cockroaches
  5 hobgoblins
  12 jackals
  4 quokkas
  12 ball pythons
  6 bats
  10 frilled lizards
  7 goblins
  25 kobolds
  21 rats
323 creatures vanquished.

Vanquished Creatures (others)
  5 fungi (Lair:2)
  43 plants
48 creatures vanquished.

Grand Total: 371 creatures vanquished

Notes
Turn   | Place    | Note
-------+----------+-------------------------------------------
     0 | D:1      | keekatzer the Troll Transmuter began the quest for the Orb.
     0 | D:1      | Reached XP level 1. HP: 18/18 MP: 1/1
   124 | D:1      | Reached skill level 1 in Fighting
   173 | D:1      | Reached XP level 2. HP: 27/27 MP: 3/3
   240 | D:1      | Learned a level 2 spell: Wereblood
   310 | D:1      | Found a faded altar of an unknown god.
   494 | D:1      | Reached XP level 3. HP: 33/33 MP: 1/4
   766 | D:2      | Reached XP level 4. HP: 38/42 MP: 5/5
  1364 | D:3      | Found an iron altar of Okawaru.
  1868 | D:4      | Reached skill level 1 in Ice Magic
  1868 | D:4      | Reached XP level 5. HP: 49/49 MP: 5/7
  2022 | D:4      | Noticed Sigmund
  2032 | D:4      | Killed Sigmund
  2033 | D:4      | Reached XP level 6. HP: 57/57 MP: 8/8
  2142 | D:4      | Found a glowing drain.
  2146 | Sewer    | Entered a sewer
  2488 | D:4      | Learned a level 4 spell: Ice Form
  2536 | D:4      | Noticed Grinder
  2558 | D:4      | Paralysed by Grinder for 5 turns
  2567 | D:4      | Killed Grinder
  2568 | D:4      | Reached XP level 7. HP: 59/65 MP: 6/10
  2592 | D:4      | Noticed Eustachio
  2592 | D:4      | Noticed Duvessa
  2592 | D:4      | Noticed Dowan
  2633 | D:4      | Killed Duvessa
  2665 | D:4      | Killed Dowan
  2693 | D:4      | Killed Eustachio
  2694 | D:4      | Reached XP level 8. HP: 40/72 MP: 11/11
  3013 | D:5      | Entered Level 5 of the Dungeon
  3132 | D:5      | Noticed Menkaure
  3138 | D:5      | Killed Menkaure
  3142 | D:5      | Reached skill level 5 in Transmutations
  3175 | D:5      | Found a snail-covered altar of Cheibriados.
  3214 | D:5      | Reached skill level 5 in Ice Magic
  3283 | D:5      | Learned a level 3 spell: Frozen Ramparts
  3472 | D:5      | Learned a level 2 spell: Blink
  3641 | D:6      | Found a runed translucent gate.
  3641 | D:6      | Found a runed translucent gate.
  3645 | D:6      | Found a runed translucent gate.
  3658 | D:6      | Found an ornate altar of the Wu Jian Council.
  3755 | D:6      | Reached skill level 1 in Translocations
  3780 | D:6      | Reached XP level 9. HP: 80/80 MP: 3/12
  3787 | D:6      | Found a blossoming altar of Fedhas.
  3985 | D:6      | Noticed TheBeaver's ghost (amateur DsDe)
  3998 | D:6      | Killed TheBeaver's ghost
  3999 | D:6      | Reached skill level 4 in Unarmed Combat
  4355 | D:7      | Found a white marble altar of Elyvilon.
  4356 | D:7      | Found a shimmering altar of Xom.
  4369 | D:7      | Became a worshipper of Elyvilon the Healer
  4432 | D:7      | Noticed Prince Ribbit
  4444 | D:7      | Killed Prince Ribbit
  4699 | D:7      | Reached skill level 5 in Unarmed Combat
  4939 | D:7      | Found a staircase to the Ecumenical Temple.
  4967 | Temple   | Entered the Ecumenical Temple
  5195 | D:8      | Reached * piety under Elyvilon
  5203 | D:8      | Reached XP level 10. HP: 93/93 MP: 8/13
  5211 | D:8      | Reached skill level 6 in Unarmed Combat
  5261 | D:8      | Found Fengukla's Jewellery Shop.
  5304 | D:8      | Found Lurrog's Assorted Antiques.
  5320 | D:8      | Bought a scroll labelled BURHIH ODODEMO for 33 gold pieces
  5320 | D:8      | Bought a fuming amethyst potion for 29 gold pieces
  5320 | D:8      | Bought a wavering iron ring for 165 gold pieces
  5320 | D:8      | Identified the ring "Quargh" {rPois MP+9 Int+4 Stlth-} (You
                  | bought it in a shop on level 8 of the Dungeon)
  5320 | D:8      | Bought a scroll labelled BURHIH ODODEMO for 33 gold pieces
  5365 | D:8      | Got Pateuqis's Papyrus of the Lungs
  5412 | D:8      | Found a burning altar of Makhleb.
  5480 | D:8      | Found Kiomp's Assorted Antiques.
  5480 | D:8      | Noticed Erica
  5480 | D:8      | Noticed a two-headed ogre
  5490 | D:8      | Killed Erica
  5491 | D:8      | Reached skill level 7 in Unarmed Combat
  5494 | D:8      | Killed a two-headed ogre
  5495 | D:8      | Reached skill level 5 in Fighting
  5582 | D:8      | Reached skill level 5 in Dodging
  5588 | D:8      | Bought a scroll labelled IPLOMA RARGHULI for 30 gold pieces
  5588 | D:8      | Bought a yellow potion for 27 gold pieces
  5588 | D:8      | Bought a scroll labelled IPLOMA RARGHULI for 30 gold pieces
  5588 | D:8      | Bought a scroll labelled EHUOKHLI POVOEM for 30 gold pieces
  5588 | D:8      | Bought a scroll labelled IPLOMA RARGHULI for 30 gold pieces
  5612 | D:8      | Reached ** piety under Elyvilon
  5862 | D:9      | Reached XP level 11. HP: 101/104 MP: 14/14
  5868 | D:9      | Reached skill level 8 in Unarmed Combat
  6070 | D:9      | Found a staircase to the Lair.
  6412 | Lair:1   | Entered Level 1 of the Lair of Beasts
  6474 | Lair:1   | Reached *** piety under Elyvilon
  6626 | Lair:2   | Noticed Fannar
  6651 | Lair:1   | Killed Fannar
  6652 | Lair:1   | Reached skill level 9 in Unarmed Combat
  6803 | Lair:2   | Found a runed translucent gate.
  6803 | Lair:2   | Found a runed translucent gate.
  6804 | Lair:2   | Found a runed translucent gate.
  6812 | Lair:2   | Noticed swoooce's ghost (journeyman MiBe)
  6917 | Lair:2   | Noticed a spriggan rider
  6918 | Lair:2   | Noticed Urug
  6934 | Lair:2   | Elyvilon protects you from harm!
  6935 | Lair:2   | Noticed Gastronok
  6939 | Lair:2   | HP: 4/126 [Gastronok/the air (15)]
  7023 | Lair:2   | Killed a spriggan rider
  7024 | Lair:2   | Reached XP level 12. HP: 99/115 MP: 15/15
  7076 | Lair:2   | Killed Gastronok
  7077 | Lair:2   | Reached skill level 10 in Unarmed Combat
  7160 | Lair:2   | Found a staircase to the Snake Pit.
  7214 | Lair:3   | Found a gate leading to a gauntlet.
  7227 | Gauntlet | Entered a Gauntlet
  7227 | Gauntlet | Found a large runed translucent door.
  7227 | Gauntlet | Found a large runed translucent door.
  7227 | Gauntlet | Found a large runed translucent door.
  7227 | Gauntlet | Found a large runed translucent door.
  7227 | Gauntlet | Found a large runed translucent door.
  7227 | Gauntlet | Found a large runed translucent door.
  7227 | Gauntlet | Found a runed translucent door.
  7227 | Gauntlet | Found a transporter.
  7227 | Gauntlet | Found a transporter.
  7227 | Gauntlet | Found a runed translucent door.
  7227 | Gauntlet | Found a large runed translucent door.
  7227 | Gauntlet | Found a large runed translucent door.
  7227 | Gauntlet | Found a large runed translucent door.
  7227 | Gauntlet | Found a large runed translucent door.
  7227 | Gauntlet | Found a large runed translucent door.
  7227 | Gauntlet | Found a large runed translucent door.
  7234 | Gauntlet | Found a transporter.
  7243 | Gauntlet | Found the +3 crown of Dyrovepreva {rElec Int+2 SInv}
  7249 | Gauntlet | Found a transporter.
  7273 | Gauntlet | Found a transporter.
  7276 | Gauntlet | Found a transporter.
  7281 | Gauntlet | Reached **** piety under Elyvilon
  7294 | Gauntlet | Found a transporter.
  7375 | Gauntlet | Found a transporter.
  7375 | Gauntlet | Found a transporter.
  7387 | Gauntlet | Found a transporter.
  7395 | Gauntlet | Found a transporter.
  7397 | Gauntlet | Noticed a hell beast
  7420 | Gauntlet | Found a transporter.
  7428 | Gauntlet | Found a transporter.
  7452 | Gauntlet | Found a large runed translucent door.
  7453 | Gauntlet | Found a large runed translucent door.
  7455 | Gauntlet | Found a runed translucent gate.
  7456 | Gauntlet | Found a runed translucent gate.
  7457 | Gauntlet | Found a transporter.
  7457 | Gauntlet | Found a runed translucent gate.
  7461 | Gauntlet | Found a large runed translucent door.
  7462 | Gauntlet | Found a large runed translucent door.
  7489 | Gauntlet | Found a transporter.
  7503 | Gauntlet | Found a transporter.
  7899 | Gauntlet | Noticed a minotaur
  7908 | Gauntlet | HP: 3/138 [minotaur/+4 hand axe of venom (38)]
  7908 | Gauntlet | Elyvilon protects you from harm!
  7909 | Gauntlet | Demolished by a minotaur

Illustrated notes

Levels and vault maps discovered:
D:1:      matt_arrival_diagonals, layout_loops_ring,
          shapermc_ecumenical_altar_pompeii, kennysheep_nondescript
D:2:      layout_rooms
D:3:      kennysheep_slugbush, layout_basic, mainiacjoe_overflow_surrounded_room
D:4:      layout_loops_ring, gup_sewer_entry_spiral, chequers_decorated_corner,
          minmay_misc_feat_diagonals, uniq_sigmund, uniq_eustachio,
          uniq_grinder, uniq_duvessa
D:5:      layout_loops_cross, mainiacjoe_overflow_tiny_flanked, hex_medium,
          minivault_1, uniq_menkaure
D:6:      layout_loops_cross, ebering_ghost_rock_garden, grunt_ministairs_14,
          hangedman_feature_mirror
D:7:      kennysheep_kobold_camp, layout_loops_ring, nicolae_overflow_squiral,
          minmay_temple_entry_nine_rooms, uniq_prince_ribbit1
D:8:      layout_cave_pools, lemuel_coloured_pillars_altar, serial_shops, shop,
          nicolae_inconvenience_store, shop, uniq_erica
D:9:      layout_basic, david_lair_generic
Temple:   eino_temple_rhombus
Lair:1:   layout_cave_pods, small_statue_intersection, serial_bayou_ford_a,
          grunt_megastairs_1
Lair:2:   layout_misc_corridors, minmay_snake_entry_six_corridors,
          gammafunk_ghost_necromancy, nicolae_lair_grove_arrangements,
          grunt_forest_large_clearings, uniq_urug, uniq_fannar, uniq_gastronok
Lair:3:   layout_roguey, minmay_shoals_entry_lonely_mermaid,
          gauntlet_entry_generic, ebering_ghost_xom, lemuel_fruit_tree
Gauntlet: gammafunk_gauntlet_branching [nicolae_gauntlet_arena_t_cross,
          minmay_gauntlet_arena_make_your_own_arena,
          gammafunk_gauntlet_arena_spirals, nicolae_gauntlet_arena_blocks,
          gammafunk_gauntlet_arena_teeth, nicolae_gauntlet_arena_grate_2,
          gammafunk_gauntlet_arena_grid, nicolae_gauntlet_arena_flowing_pool,
          gauntlet_exit_green]

Skill      XL: |  1  2  3  4  5  6  7  8  9 10 11 12 |
---------------+-------------------------------------+-----
Fighting       | 1 2 4 5 6 |  6.7
Transmutations | 2 3 4 5 6 7 8 9 |  9.1
Spellcasting   | 2 3 |  3.1
Ice Magic      | 1 2 3 4 5 |  5.0
Dodging        | 2 4 5 6 |  6.5
Translocations | 1 2 |  2.0
Unarmed Combat | 5 7 9 10 | 10.5

Action                   |  1- 3 |  4- 6 |  7- 9 | 10-12 || total
-------------------------+-------+-------+-------+-------++-------
Melee: Unarmed           |   111 |   254 |   298 |   410 ||  1073
       Punch             |     4 |     3 |     4 |     4 ||    15
       Kick              |     1 |    11 |    24 |       ||    36
       Headbutt          |       |     7 |    19 |       ||    26
 Cast: Beastly Appendage |     3 |     8 |    10 |       ||    21
       Wereblood         |     1 |     3 |    10 |    15 ||    29
       Ice Form          |       |       |    10 |    24 ||    34
       Frozen Ramparts   |       |       |       |     1 ||     1
Invok: Heal Self         |       |       |       |     2 ||     2
  Use: Potion            |       |       |     2 |     1 ||     3
       Scroll            |       |       |     1 |    14 ||    15
 Stab: Sleeping          |       |     3 |       |       ||     3
Armor: Robe              |    49 |    41 |    44 |     6 ||   140
       Skin              |       |       |    24 |    60 ||    84
       Steam dragon scal |       |       |       |     2 ||     2
Dodge: Dodged            |    42 |   114 |   193 |   298 ||   647
Block: Other             |       |    25 |    80 |   120 ||   225
       Reflection        |       |       |     5 |     3 ||     8
